 Dungeon Crawl Stone Soup version 0.30.1-4-g462c640d31 (webtiles) character file.

Game seed: 9872027375232136493

66 hawla the Firebug (level 4, -7/33 HPs)
             Began as a Meteoran Fire Elementalist on Aug 17, 2023.
             Mangled by Pikel
             ... wielding a +0 whip of flaming
              (8 damage)
             ... on level 4 of the Dungeon.
             The game lasted 00:03:22 (395 turns).

hawla the Firebug (Meteoran Fire Elementalist)       Turns: 395, Time: 00:03:22

Health: -7/33      AC:  2    Str: 10    XL:     4   Next: 63%
Magic:  10/10      EV: 12    Int: 18    God:
Gold:   33         SH:  0    Dex: 14    Spells: 3/10 levels left

rFire   x . .        f - +2 flail (holy)
rCold   . . .        (no shield)
rNeg    . . .        a - +0 robe
rPois   .            (no helmet)
rElec   .            (no cloak)
rCorr   .            (no gloves)
SInv    .            (no boots)
Will    .....        (no amulet)
Stlth   +            (no ring)
HPRegen 0.25/turn    (no ring)
MPRegen 0.12/turn

%: no passive effects
@: glowing
A: sense surroundings 1, otherworldly, glowing, explore regen, heat
vulnerability 1
a: no special abilities


You were on level 4 of the Dungeon.
You visited 1 branch of the dungeon, and saw 4 of its levels.

You collected 33 gold pieces.

Inventory:

Hand Weapons
 f - a +2 flail of holy wrath (weapon)
Armour
 a - a +0 robe (worn)
Wands
 g - a wand of iceblast (3) (quivered)
Scrolls
 c - a scroll of blinking


   Skills:
 - Level 0.3 Maces & Flails
 - Level 2.7 Dodging
 - Level 1.4 Stealth
 - Level 3.5 Spellcasting
 + Level 1.9 Conjurations
 - Level 4.9 Fire Magic


You had 3 spell levels left.
You knew the following spells:

 Your Spells              Type           Power      Damage    Failure   Level
a - Foxfire               Conj/Fire      60%        2x1d7     3%          1
b - Scorch                Fire           42%        2d7       3%          2
c - Flame Wave            Conj/Fire      15%        2d7       36%         4

Your spell library contained the following spells:

 Spells                   Type           Power      Damage    Failure   Level
 Inner Flame              Hex/Fire       12%        N/A       17%         3
 Volatile Blastmotes      Fire/Tloc      24%        2d12      17%         3


Dungeon Overview and Level Annotations

Branches:
Dungeon (4/15) Zot: 1999
 Temple: D:4-7

Altars:
Cheibriados

Shops:
D:3 !

Annotations:
D:4 Pikel


Innate Abilities, Weirdness & Mutations

You passively map a small area around you.
You are easily found by Zot.
You glow in the dark.
You regain HP and MP as you explore.
You are vulnerable to heat. (rF-)


Message History

Your foxfire completely resists.
The flame wave engulfs the lemure!
The lemure is severely wounded.
The flame wave engulfs your foxfire.
Your foxfire completely resists. (Press . to intensify the flame waves.)
The foxfire hits the lemure but does no damage.
The lemure is severely wounded.
The foxfire hits the lemure.
The lemure is almost dead.
The lemure hits you but does no damage.
A wave of flame ripples out!
The flame wave engulfs the lemure.
The lemure is almost dead.
The flame wave engulfs Pikel.
Pikel is lightly wounded.
The flame wave engulfs the lemure.
The lemure is moderately wounded.
You hear a shout!
The lemure hits you.
* * * LOW HITPOINT WARNING * * *
Pikel says, "All the demons know me.
They respect me."
A wave of flame ripples out!
The flame wave engulfs the lemure!
You kill the lemure!
That felt strangely unrewarding.
The flame wave engulfs Pikel!
Pikel is moderately wounded.
The flame wave engulfs the lemure!
The lemure is heavily wounded.
The flame wave engulfs the lemure but does no damage.
The flame wave engulfs the lemure.
The lemure is lightly wounded.
You finish channelling waves of flame.
A goblin comes into view. It is wielding a +0 club.
Pikel hits you with a +0 whip of flaming.
* * * LOW HITPOINT WARNING * * *
Pikel burns you.
* * * LOW HITPOINT WARNING * * *
Magic courses through your body. The lemure hits you.
* * * LOW HITPOINT WARNING * * *
Pikel hits you with a +0 whip of flaming!
You die...

.########.##.##.####
.# #.##.##....# .#
.# #.........!#...,
.# #..###.....#.## ,
, .#
#..##....[....#. * ,
.# #).##...........
, .#*
#.........5.... ..*
#.##.##.5K.### ,
.....[##.@5.#
........##$.$.# ,
#........g......# *
,, #........##..##.#
* *
##.......##..#*.# *
, #.###.#.##..# # ,
# *, #... , ,, , ,
##.# ,,


You could see Pikel, 3 lemures and a goblin.

Vanquished Creatures
  A lemure (D:4)
  A hound (D:4)
  A mummy (D:4)
  A dart slug (D:1)
  4 orcs (D:3)
  3 ball pythons
  2 bats
  An endoplasm (D:2)
  A goblin (D:1)
  2 jackals (D:3)
  A frilled lizard (D:2)
18 creatures vanquished.

Vanquished Creatures (collateral kills)
  2 foxfires (D:1)
2 creatures vanquished.

Vanquished Creatures (others)
  35 foxfires
35 creatures vanquished.

Grand Total: 55 creatures vanquished

Notes
Turn   | Place    | Note
-------+----------+-------------------------------------------
     0 | D:1      | hawla the Meteoran Fire Elementalist began the quest for
                  | the Orb.
     0 | D:1      | Reached XP level 1. HP: 14/14 MP: 5/5
    40 | D:1      | Reached XP level 2. HP: 20/20 MP: 3/6
    43 | D:1      | Learned a level 2 spell: Scorch
    91 | D:2      | Reached skill level 4 in Fire Magic
   122 | D:3      | Reached XP level 3. HP: 16/26 MP: 0/8
   122 | D:3      | Found Tyoxzat's Distillery.
   321 | D:4      | Gained mutation: You are vulnerable to heat. (rF-) [potion
                  | of mutation]
   330 | D:4      | Found a snail-covered altar of Cheibriados.
   362 | D:4      | Reached XP level 4. HP: 33/33 MP: 2/10
   367 | D:4      | Learned a level 4 spell: Flame Wave
   383 | D:4      | Noticed a lemure
   386 | D:4      | Noticed a lemure
   386 | D:4      | Noticed Pikel
   389 | D:4      | Noticed a lemure
   389 | D:4      | Noticed a lemure
   394 | D:4      | Killed a lemure
   395 | D:4      | HP: 1/33 [lemure[Pikel] (6)]
   395 | D:4      | Mangled by Pikel

Illustrated notes

Levels and vault maps discovered:
D:1:      lightli_arrival_flooded_house, layout_basic
D:2:      layout_rooms, serial_shops, shop, minmay_statues_item
D:3:      layout_loops_ring, hellmonk_ecumenical_altar_leap_of_faith,
          serial_shops, shop_fountains
D:4:      layout_loops_ring, slow_altar_2, minmay_temple_entry_large_hall,
          st_stairs_13, uniq_pikel, uniq_sigmund, uniq_blork_the_orc

Skill      XL: |  1  2 |
---------------+-------+-----
Spellcasting   | 3 |  3.5
Fire Magic     | 4 |  4.9
Maces & Flails | |  0.3
Dodging        | |  2.7
Stealth        | |  1.4
Conjurations   | |  1.9

Action                     |  1- 3 |  4- 6 || total
---------------------------+-------+-------++-------
  Melee: Unarmed           |     2 |       ||     2
         Flail             |    13 |     2 ||    15
   Cast: Foxfire           |    18 |     2 ||    20
         Scorch            |     5 |       ||     5
         Flame Wave        |       |     1 ||     1
    Use: Scroll            |     2 |       ||     2
         Potion            |     1 |     1 ||     2
 Armour: Robe              |     5 |     1 ||     6
  Dodge: Dodged            |     9 |     1 ||    10
